 Dungeon Crawl Stone Soup version 0.28.0-45-g0d030f2227 (webtiles) character file.

Game seed: 14042069097815492209

29 protoss039 the Digger (level 3, 26/26 HPs)
             Began as a Demonspawn Earth Elementalist on May 30, 2022.
             Got out of the dungeon alive.
             The game lasted 00:01:46 (1134 turns).

protoss039 the Digger (DsEE)                        Turns: 1134, Time: 00:01:47

Health: 26/26      AC:  4    Str:  8    XL:     3   Next: 1%
Magic:  6/6        EV: 12    Int: 18    God:
Gold:   40         SH:  0    Dex: 13    Spells: 5/6 levels left

rFire   . . .      SeeInvis .   a - +2 short sword (elec)
rCold   . . .      Faith    .   (no shield)
rNeg    . . .      Spirit   .   b - +0 robe
rPois   .          Reflect  .   (helmet restricted)
rElec   .          Harm     .   e - +0 cloak
rCorr   .          Rampage  .   (no gloves)
Will    .....                   (no boots)
Stlth   ++........              (no amulet)
HPRegen 0.08/turn               (no ring)
MPRegen 0.10/turn               (no ring)

@: no status effects
A: horns 1, sharp scales 1
a: no special abilities


You escaped.
You visited 1 branch of the dungeon, and saw 1 of its levels.

You collected 64 gold pieces.
You spent 24 gold pieces at shops.

Inventory:

Hand Weapons
 a - a +2 short sword of electrocution (weapon)
Missiles
 c - 76 stones
Armour
 b - a +0 robe (worn)
 e - a +0 cloak (worn)
Jewellery
 h - a ring of willpower
Scrolls
 d - 2 scrolls of identify
 f - a scroll of vulnerability {unknown}
 g - a scroll of teleportation {unknown}


   Skills:
 * Level 1.5 Fighting
 + Level 0.8 Armour
 - Level 1.7 Dodging
 - Level 1.7 Stealth
 + Level 2.2 Spellcasting
 - Level 1.0 Transmutations
 + Level 2.9 Earth Magic


You had 5 spell levels left.
You knew the following spells:

 Your Spells              Type           Power      Damage    Failure   Level
a - Sandblast             Erth           24%        2d8       5%          1

Your spell library contained the following spells:

 Spells                   Type           Power      Damage    Failure   Level
 Passwall                 Tmut/Erth      7%         N/A       12%         2
 Stone Arrow              Conj/Erth      14%        3d7       28%         3
 Petrify                  Tmut/Erth      9%         N/A       61%         4


Dungeon Overview and Level Annotations

Branches:
Dungeon (1/15)

Altars:

Shops:
D:1 (!*


Innate Abilities, Weirdness & Mutations

You have a pair of small horns on your head.
You are partially covered in razor-sharp scales. (AC +1, Slay +1)


Message History

The bat misses you.
A bat is nearby!
A bat is nearby!
You closely miss the bat.
The bat is severely wounded.
The bat closely misses you. The bat hits you.
A bat is nearby!
The bat misses you.
A bat is nearby!
You hit the bat. Lightning courses through the bat!!
You kill the bat!
There is a faded altar of an unknown god here.
Found Weloyl's General Store.
h - a ring of willpower No target in view!
There is an entrance to Weloyl's General Store here.
d - 2 scrolls of identify (gained 1) Thank you for shopping at Weloyl's General Store!
You can access your shopping list by pressing '$'.
A giant cockroach comes into view.
A giant cockroach is nearby!
A giant cockroach is nearby!
A giant cockroach is nearby!
You hit the giant cockroach.
The giant cockroach is severely wounded.
The giant cockroach bites you but does no damage.
You hit the giant cockroach.
You kill the giant cockroach!
You have reached level 3!
Your experience leads to an increase in your attributes!
Increase (S)trength, (I)ntelligence, or (D)exterity?
You feel clever. x2; Your demonic ancestry asserts itself...
A pair of horns grows on your head!
Unknown command.
You see here a +0 ring mail.
Found a stone staircase leading down.
There is an entrance to Xuaniplu's Weapon Shoppe here.
There is a staircase leading out of the dungeon here.
Are you sure you want to leave the Dungeon?
This will make you lose the game!
You have escaped!

...##†............#....#
#.)..
...#..###.......P..P.#.##
#....
..#..###.........♣.P♣...##
#.... ....##
#..........P♣..♣..####....
..###
#.....♣......♣.....##..#..
###
##..P....P.P.....♣..##.####
#....P.P.....P..♣.#....###
##................P#[#....#
#....♣.P...@...P..........#
#....♣P..........P♣###....#
#...P...P.....P...♣# #....#
#.........P.P...♣P.# #....#
#.....P.♣..........# #....#
#...........♣P....## #....#
#......P♣.♣P.♣...## #....#
#######♣P....♣..## #....#
########## ######


There were no monsters in sight!

Vanquished Creatures
  2 dart slugs (D:1)
  2 ball pythons (D:1)
  An endoplasm (D:1)
  2 giant cockroaches (D:1)
  3 hobgoblins (D:1)
  A quokka (D:1)
  4 bats (D:1)
  2 frilled lizards (D:1)
  4 kobolds (D:1)
  3 rats (D:1)
24 creatures vanquished.

Vanquished Creatures (others)
  A plant (D:1)
1 creature vanquished.

Grand Total: 25 creatures vanquished

Notes
Turn   | Place    | Note
-------+----------+-------------------------------------------
     0 | D:1      | protoss039 the Demonspawn Earth Elementalist began the
                  | quest for the Orb.
     0 | D:1      | Reached XP level 1. HP: 13/13 MP: 3/3
   234 | D:1      | Found Xollurax's Distillery.
   253 | D:1      | Reached skill level 1 in Transmutations
   351 | D:1      | Gained mutation: You are partially covered in razor-sharp
                  | scales. (AC +1, Slay +1) [demonic ancestry]
   351 | D:1      | Reached XP level 2. HP: 10/20 MP: 0/5
   553 | D:1      | Reached skill level 1 in Fighting
   598 | D:1      | Found Xuaniplu's Weapon Shoppe.
   997 | D:1      | Found a faded altar of an unknown god.
  1018 | D:1      | Found Weloyl's General Store.
  1027 | D:1      | Bought a scroll of identify for 24 gold pieces
  1044 | D:1      | Gained mutation: You have a pair of small horns on your
                  | head. [demonic ancestry]
  1044 | D:1      | Reached XP level 3. HP: 26/26 MP: 6/6
  1134 | D:$      | Got out of the dungeon alive.

Illustrated notes

Levels and vault maps discovered:
D:1:      wander_arrival_fairy_ring, layout_rooms, basic_ecumenical_altar,
          serial_shops, shop, nicolae_shop_trees, nicolae_shop_crystal, shop

Skill      XL: |  1  2 |
---------------+-------+-----
Transmutations | 1 |  1.0
Fighting       | 1 |  1.5
Armour         | |  0.8
Dodging        | |  1.7
Stealth        | |  1.7
Spellcasting   | |  2.2
Earth Magic    | |  2.9

Action                   || total
-------------------------++-------
Melee: Short sword       ||    54
 Cast: Sandblast         ||     6
 Stab: Sleeping          ||     1
Armor: Robe              ||    16
Dodge: Dodged            ||    42
